 Dungeon Sprint DCSS version 0.15-a0-1206-g3bad1a6 (webtiles) character file.

1100000 Infinimo the Warrior (level 13, -10/124 HPs)
             Began as a Formicid Air Elementalist on June 1, 2014.
             Was a Follower of Makhleb.
             Mangled by a bag of meat
             ... wielding a +9,+9 war axe
              (31 damage)
             ... in the Dungeon (Sprint VIII: "Arena of Blood").
             The game lasted 00:00:33 (11 turns).

Infinimo the Warrior (Formicid Air Elementalist)      Turns: 11, Time: 00:00:33

HP -10/124       AC  3     Str 12      XL: 13   Next: 96%
MP  22/22        EV 23     Int 17      God: Makhleb [*.....]
Gold 0           SH  0     Dex 15      Spells:  1 memorised, 15 levels left

rFire  . . .     SeeInvis +     f - +∞ Axe of Woe
rCold  . . .     Clarity  .     a - +0 robe
rNeg   . . .     rCorr    .     (no shield)
rPois  .         rRot     .     (helmet unavailable)
rElec  .         Spirit   .     (no cloak)
SustAb .         Warding  .     (no gloves)
rMut   .         Stasis   +     (no boots)
Gourm  .                        (no amulet)
MR     +....                    (no ring)
                                (no ring)

@: somewhat resistant to hostile enchantments, unstealthy
A: permanent stasis, dig shafts and tunnels, four strong arms, antennae 3
a: Dig, Renounce Religion


You were in the Dungeon.
You worshipped Makhleb.
Makhleb was aware of your devotion.
You were not hungry.

You visited 1 branch

Inventory:

Hand weapons
 f - the +∞,+∞ Axe of Woe (weapon)
   (You found it in the Dungeon)
Armour
 a - a +0 robe (worn)
Comestibles
 c - a bread ration
Potions
 d - a potion of curing
 e - a potion of heal wounds
 g - 2 potions of magic
Books
 b - a book of Air

   Spells                             Type                      Level
   *Shock                             Conjuration/Air              1
   Swiftness                          Charms/Air                   2
   Repel Missiles                     Charms/Air                   2
   Flight                             Charms/Air                   3
   Static Discharge                   Conjuration/Air              3
   Lightning Bolt                     Conjuration/Air              5


   Skills:
 + Level 18.5 Fighting
 + Level 17.2 Axes
 + Level 18.5 Armour
 + Level 16.1 Dodging
 - Level 2.4 Stealth
 - Level 2.1 Spellcasting
 - Level 0.8 Conjurations
 - Level 2.4 Air Magic


You had 15 spell levels left.
You knew the following spells:

 Your Spells              Type           Power        Failure   Level  Hunger
a - Shock                 Conj/Air       #...         12%         1    #......


Dungeon Overview and Level Annotations

Branches:
Dungeon (1/1)

Altars:
Makhleb


Innate Abilities, Weirdness & Mutations

Your are under a permanent stasis effect.
You can dig through walls and to a lower floor.
Your four strong arms can wield two-handed weapons with a shield.
You have a pair of large antennae on your head (SInv).


Message History

The meat berserker rages.
You hear a shout! x4
The meat berserker appears out of thin air!
A meat berserker comes into view. It is wielding a +9,+9 battleaxe.
You hear a shout! x4
The meat berserker hits you with a +9,+9 battleaxe!
* * * LOW HITPOINT WARNING * * *
You hear a shout! x2
A meat berserker comes into view. It is wielding a +9,+9 battleaxe.
Unknown command.
You fatally mangle the meat berserker.
You kill the meat berserker!
Makhleb accepts your kill.
Your Fighting skill increases to level 18!
Your Axes skill gained 2 levels and is now at level 17!
Your Armour skill increases to level 18!
Your Dodging skill gained 2 levels and is now at level 16!
You hear a shout! x10
The bag of meat hits you with a +9,+9 war axe!!
You die...

#. ...# #.. ...# .
.###.. ...###..
......###........
....._........o.
#.....#.......
#_.<._#.......
..#.....#).....#.
o......_..@o....O..
......###.oo......#
.###.. ..o.###....
#......O# ...
#.......# .
........o .....C..
...... ...


You could see a large bag of meat (inner flame), 2 meat berserkers and 6 bags of
meat.

Vanquished Creatures
  2 ogres (D)
  An orc (D)
3 creatures vanquished.

Notes
Turn   | Place    | Note
--------------------------------------------------------------
     0 | D        | Infinimo, the Formicid Air Elementalist, began the quest for the Orb.
     0 | D        | Reached XP level 1. HP: 13/13 MP: 3/3
     4 | D        | Noticed a bag of meat
     4 | D        | Noticed a bag of meat
     4 | D        | Became a worshipper of Makhleb the Destroyer
     6 | D        | Noticed a bag of meat
     7 | D        | Noticed a bag of meat
     8 | D        | Noticed a meat berserker
     8 | D        | Noticed a bag of meat
     8 | D        | Killed a bag of meat
     8 | D        | Reached skill level 15 in Fighting
     8 | D        | Reached skill level 15 in Armour
     8 | D        | Reached XP level 2. HP: 15/44 MP: 5/5
     8 | D        | Reached XP level 3. HP: 17/50 MP: 7/7
     8 | D        | Reached XP level 4. HP: 19/57 MP: 8/8
     8 | D        | Reached XP level 5. HP: 21/63 MP: 11/11
     8 | D        | Reached XP level 6. HP: 23/70 MP: 12/12
     8 | D        | Reached XP level 7. HP: 24/76 MP: 14/14
     8 | D        | Reached XP level 8. HP: 26/83 MP: 16/16
     8 | D        | Reached XP level 9. HP: 27/89 MP: 18/18
     8 | D        | Reached XP level 10. HP: 29/96 MP: 18/18
     8 | D        | Reached XP level 11. HP: 30/102 MP: 20/20
     9 | D        | Noticed a bag of meat
     9 | D        | Noticed a meat berserker
    10 | D        | Noticed a meat berserker
    10 | D        | Noticed a large bag of meat
    10 | D        | Killed a meat berserker
    10 | D        | Acquired Makhleb's first power
    10 | D        | Reached skill level 17 in Fighting
    10 | D        | Reached skill level 15 in Axes
    10 | D        | Reached XP level 12. HP: 31/114 MP: 21/21
    10 | D        | Reached XP level 13. HP: 32/120 MP: 22/22
    11 | D        | Noticed a meat berserker
    11 | D        | Killed a meat berserker
    11 | D        | Reached skill level 18 in Fighting
    11 | D        | Mangled by a bag of meat

Action                   |  1- 3 |  4- 6 |  7- 9 | 10-12 | 13-15 || total
-------------------------+-------+-------+-------+-------+-------++-------
Melee: Executioner's axe |     1 |       |       |     1 |     1 ||     3
